 Dungeon Crawl Stone Soup version 0.29-a0-1009-g60c99734e7 (webtiles) character file.

Game seed: 9677346020042639660

2408 psihoz the Shooter (level 9, -3/68 HPs)
             Began as a Human Hunter on Aug 8, 2022.
             Was an Elder of Wu Jian.
             Slain by a yak (9 damage)
             ... on level 8 of the Dungeon.
             The game lasted 00:38:23 (8487 turns).

psihoz the Shooter (Human Hunter)                   Turns: 8487, Time: 00:38:24

Health: -3/68      AC: 12    Str: 18    XL:     9   Next: 75%
Magic:  9/9        EV: 16    Int: 10    God:    Wu Jian [****..]
Gold:   403        SH:  0    Dex: 25    Spells: 8/8 levels left

rFire   + . .      SeeInvis .   H - +8 long sword of Wondrous Power {pain, Str+5}
rCold   . . .      Faith    .   (no shield)
rNeg    + . .      Spirit   .   z - +0 steam dragon scales
rPois   .          Reflect  .   n - +0 helmet
rElec   .          Harm     .   D - +0 cloak
rCorr   .          Rampage  .   r - +2 pair of gloves
Will    .....                   o - +1 pair of boots
Stlth   +++.......              (no amulet)
HPRegen 0.21/turn               u - ring of Caysiez {Fly rF+ rN+}
MPRegen 0.11/turn               d - +6 ring of dexterity

@: mighty, about to teleport, flying
A: no striking features
a: Renounce Religion, Wall Jump, Serpent's Lash


You were on level 8 of the Dungeon.
You worshipped Wu Jian.
Wu Jian was greatly pleased with you.
You visited 2 branches of the dungeon, and saw 9 of its levels.

You collected 461 gold pieces.
You spent 58 gold pieces at shops.

Inventory:

Hand Weapons
 a - a +0 shortbow
 g - a +0 trident of distortion
 i - a +1 dagger of venom
 j - a +2 vorpal hand axe
 y - a +2 vorpal flail
 H - the +8 long sword of Wondrous Power (weapon) {pain, Str+5}
   (You found it on level 7 of the Dungeon)

   In the hands of one skilled in necromantic magic, it inflicts extra damage on
   living creatures.
   Str:       It affects your strength (+5).
Armour
 c - a +0 leather armour
 l - a +0 pair of gloves
 n - a +0 helmet (worn)
 o - a +1 pair of boots (worn)
 r - a +2 pair of gloves (worn)
 s - a +0 ring mail
 z - +0 steam dragon scales (worn)
 D - a +0 cloak (worn)
 F - the +1 robe "Oxtux" {Rampage}
   (You found it on level 5 of the Dungeon)

   Rampage:   It bestows one free step when moving towards enemies.
Jewellery
 d - a +6 ring of dexterity (right hand)
 u - the ring of Caysiez (left hand) {Fly rF+ rN+}
   (You found it on level 4 of the Dungeon)

   [ring of flight]

   rF:        It protects you from fire.
   rN:        It protects you from negative energy.
   Fly:       It grants you flight.
 B - a ring of resist corrosion
Wands
 I - a wand of charming (9)
Scrolls
 b - a scroll of immolation
 e - a scroll of enchant armour {unknown}
 k - a scroll of summoning {unknown}
 m - 2 scrolls of poison {unknown}
 p - 2 scrolls of vulnerability {unknown}
 q - 5 scrolls of teleportation
 v - a scroll of magic mapping
 C - 2 scrolls of fog {unknown}
 G - a scroll of silence {unknown}
 J - a scroll of amnesia {unknown}
 K - a scroll of acquirement {unknown}
Potions
 f - 2 potions of magic
 h - 2 potions of flight
 t - 2 potions of attraction
 w - a potion of might
 x - a potion of haste {unknown}
 A - a potion of berserk rage {unknown}


   Skills:
 + Level 5.5 Fighting
 + Level 0.6(2.1) Short Blades
 * Level 3.2 Long Blades
 + Level 5.7 Axes
 + Level 0.9(3.6) Maces & Flails
 + Level 7.1 Ranged Weapons
 + Level 2.4 Armour
 + Level 5.0 Dodging
 + Level 3.7 Stealth
 + Level 1.0 Evocations


You had 8 spell levels left.
You didn't know any spells.
Your spell library contained the following spells:

 Spells                   Type           Power      Damage    Failure   Level
 Slow                     Hex            0%         N/A       36%         1
 Blink                    Tloc           0%         N/A       50%         2
 Confusing Touch          Hex            0%         N/A       75%         3
 Frozen Ramparts          Ice            0%         1d1       75%         3
 Lesser Beckoning         Tloc           0%         N/A       75%         3
 Vampiric Draining        Necr           0%         2d6       75%         3
 Ice Form                 Ice/Tmut       0%         N/A       98%         4
 Summon Ice Beast         Ice/Summ       0%         N/A       98%         4
 Manifold Assault         Tloc           0%         N/A       100%        5


Dungeon Overview and Level Annotations

Branches:
Dungeon (8/15)             Temple (1/1) D:6
   Lair: D:8-11

Altars:
Ashenzari
Cheibriados
Dithmenos
Elyvilon
Fedhas
Gozag
Hepliaklqana
Kikubaaqudgha
Nemelex Xobeh
Qazlal
Ru
Sif Muna
Trog
Uskayaw
Vehumet
Wu Jian
Yredelemnul
Zin

Shops:
D:5 [   D:7 [

Annotations:
D:3 Smoky173's ghost, amateur GrFi


Message History

* * * LOW HITPOINT WARNING * * *
The yak misses you. x3
The yak attacks as you move away! The yak closely misses you.
The yak attacks as you move away! The yak barely misses you.
You feel better. The yak gores you but does no damage. The yak gores you.
The yak misses you. The yak barely misses you.
You feel very mighty all of a sudden. The yak barely misses you.
The yak gores you!
* * * LOW HITPOINT WARNING * * *
The yak gores you.
* * * LOW HITPOINT WARNING * * *
The yak misses you.
You slash the yak!
You kill the yak!
The Council accepts your kill. The yak barely misses you. The yak gores you.
* * * LOW HITPOINT WARNING * * *
The yak barely misses you.
Your Long Blades skill increases to level 3!
You feel better. The yak gores you but does no damage. The yak misses you. x2
You slash the yak!
The yak is moderately wounded.
The yak gores you but does no damage. The yak barely misses you. x2
You slash the yak! Your punch misses the yak.
The yak is severely wounded.
The yak misses you. x2; The yak completely misses you.
The yak misses you. The yak gores you.
* * * LOW HITPOINT WARNING * * *
The yak barely misses you.
You barely miss the yak.
The yak is severely wounded.
The yak gores you but does no damage. The yak gores you!
* * * LOW HITPOINT WARNING * * *
The yak gores you but does no damage.
You barely miss the yak.
The yak is severely wounded.
The yak barely misses you.
The yak gores you but does no damage. x2
As you read the scroll of teleportation, it crumbles to dust.
You feel strangely unstable. The yak gores you!
You die...

#...
#...####+#######
#..............#
#.............# # .
#.............#.#
..##................
.......†...........#
.......Y.Y..........
.......Y@...<.....#
..................#
......#########.#...
...... # . ......
#####


You could see 3 yaks.

Vanquished Creatures
  2 yaks (D:8)
  A steam dragon (D:4)
  Menkaure (D:6)
  A water moccasin (D:5)
  A black bear (D:6)
  An orc warrior (D:7)
  An ice beast (D:6)
  An ogre (D:6)
  A centaur (D:5)
  A kobold brigand (D:5)
  A bullfrog (D:7)
  A necrophage (D:6)
  6 scorpions
  2 gnoll sergeants
  A howler monkey (D:7)
  4 quasits (D:3)
  2 hounds
  2 jellies
  2 iguanas
  An orc wizard (D:6)
  5 adders
  A river rat (D:4)
  6 gnolls
  4 shadow imps
  6 white imps (D:7)
  4 ufetubi
  2 worms (D:4)
  2 dart slugs
  12 orcs
  6 endoplasms
  5 giant cockroaches
  7 goblins
  5 hobgoblins
  4 quokkas
  8 ball pythons
  5 bats
  5 frilled lizards
  13 kobolds
  12 rats
145 creatures vanquished.

Vanquished Creatures (others)
  A goblin (D:4)
  4 demonic plants (D:7)
  5 fungi (D:7)
10 creatures vanquished.

Grand Total: 155 creatures vanquished

Notes
Turn   | Place    | Note
-------+----------+-------------------------------------------
     0 | D:1      | psihoz the Human Hunter began the quest for the Orb.
     0 | D:1      | Reached XP level 1. HP: 16/16 MP: 1/1
    39 | D:1      | Found a faded altar of an unknown god.
    47 | D:1      | Prayed at the altar of an unknown god.
    47 | D:1      | Became a worshipper of the Wu Jian Council
    47 | D:1      | Reached * piety under Wu Jian
   128 | D:1      | Reached XP level 2. HP: 22/22 MP: 2/2
   511 | D:1      | Reached XP level 3. HP: 27/27 MP: 3/3
   739 | D:2      | Reached ** piety under Wu Jian
   757 | D:2      | Reached skill level 5 in Ranged Weapons
   920 | D:2      | Reached XP level 4. HP: 34/34 MP: 4/4
  1428 | D:3      | You fall into a shaft and drop 2 floors!
  1428 | D:5      | Entered Level 5 of the Dungeon
  1436 | D:5      | Noticed a water moccasin
  1452 | D:5      | Killed a water moccasin
  1453 | D:5      | Reached skill level 6 in Ranged Weapons
  1453 | D:5      | Reached XP level 5. HP: 5/39 MP: 5/5
  1933 | D:4      | Reached skill level 1 in Armour
  1933 | D:4      | Reached XP level 6. HP: 41/47 MP: 6/6
  2092 | D:4      | Identified the ring of Caysiez {Fly rF+ rN+}
  2335 | D:3      | Noticed Smoky173's ghost (amateur GrFi)
  2510 | D:3      | Found a transporter.
  2521 | D:3      | Found a transporter.
  2808 | D:3      | Reached XP level 7. HP: 9/53 MP: 7/7
  3693 | D:4      | Noticed a steam dragon
  3711 | D:4      | Killed a steam dragon
  3712 | D:4      | Reached skill level 7 in Ranged Weapons
  4105 | D:4      | Reached *** piety under Wu Jian
  4413 | D:5      | Found Inniur's Armour Boutique.
  4428 | D:5      | Bought a +0 cloak for 58 gold pieces
  4488 | D:5      | Reached skill level 1 in Axes
  4488 | D:5      | Reached XP level 8. HP: 53/60 MP: 8/8
  4681 | D:5      | Found a bloodstained altar of Trog.
  4691 | D:5      | Identified the +1 robe "Oxtux" {Rampage}
  5436 | D:6      | HP: 2/61 [gnoll sergeant/+0 trident of distortion (7)]
  5578 | D:6      | Found a staircase to the Ecumenical Temple.
  5594 | Temple   | Entered the Ecumenical Temple
  5963 | D:6      | Noticed Menkaure
  5975 | D:6      | Killed Menkaure
  5976 | D:6      | Reached XP level 9. HP: 49/67 MP: 9/9
  6127 | D:6      | Reached skill level 5 in Fighting
  6209 | D:6      | Reached skill level 5 in Axes
  6209 | D:6      | Reached skill level 1 in Evocations
  7423 | D:7      | Identified the +8 long sword of Wondrous Power {pain,
                  | Str+5}
  7988 | D:7      | Reached skill level 1 in Long Blades
  8069 | D:7      | Found a radiant altar of Vehumet.
  8282 | D:7      | Found Hoczah's Armour Emporium.
  8299 | D:7      | Reached **** piety under Wu Jian
  8472 | D:8      | Reached skill level 5 in Dodging
  8487 | D:8      | Slain by a yak

Illustrated notes

Levels and vault maps discovered:
D:1:      minmay_arrival_arboretum_small, layout_basic,
          hellmonk_ecumenical_altar_zigzags
D:2:      layout_rooms
D:3:      layout_loops_ring, gammafunk_ghost_stat_death,
          kennysheep_generic_room_4
D:4:      layout_loops_cross, portal_sewer_entry_c
D:5:      layout_basic, old_standard_altar, serial_shops, nicolae_shop_stone,
          minmay_tree_intersection
D:6:      layout_cave_pools, minmay_temple_entry_tees, nicolae_eternal_life,
          roderic_serpentine_path, uniq_menkaure
D:7:      layout_rooms, amcnicky_altar_gilded, serial_shops, shop_fountains,
          serial_demonic, serial_demonic_g, serial_demonic_d, serial_demonic_f,
          serial_demonic_e, dreamdust_mushroom_princess, st_stairs_3,
          nrook_campfire, hex_intersection
D:8:      layout_basic, bloody_makhleb
Temple:   regret_index_temple_sphere_string

Skill      XL: |  1  2  3  4  5  6  7  8  9 |
---------------+----------------------------+-----
Ranged Weapons | 5 6 7 |  7.1
Fighting       | 3 4 5 |  5.5
Armour         | 1 2 |  2.4
Dodging        | 3 4 5 |  5.0
Axes           | 1 4 5 |  5.7
Stealth        | 3 |  3.7
Evocations     | 1 |  1.0
Long Blades    | 3 |  3.2
Short Blades   | |  0.6
Maces & Flails | |  0.9

Action                   |  1- 3 |  4- 6 |  7- 9 || total
-------------------------+-------+-------+-------++-------
Melee: Dagger            |       |    38 |    22 ||    60
       Punch             |       |     1 |     3 ||     4
       Hand axe          |       |       |   245 ||   245
       Long sword        |       |       |    69 ||    69
       Flail             |       |       |    10 ||    10
 Fire: Shortbow          |    93 |   100 |    38 ||   231
Invok: Whirlwind         |       |     1 |     3 ||     4
       Lunge             |       |       |    12 ||    12
Evoke: Wand              |       |     4 |     6 ||    10
  Use: Potion            |     2 |     5 |     6 ||    13
       Scroll            |       |       |     6 ||     6
 Stab: Sleeping          |       |       |     5 ||     5
       Distracted        |       |       |     1 ||     1
Armor: Leather armour    |    11 |    14 |       ||    25
       Ring mail         |       |   110 |    76 ||   186
       Steam dragon scal |       |       |   113 ||   113
Dodge: Dodged            |    19 |   139 |   310 ||   468

Table legend: (Time is in decaauts)
 A = Elapsed time spent in this place.
 B = Non-inter-level travel time spent in this place.
 C = Inter-level travel time spent in this place.
 D = Time resting spent in this place.
 E = Time spent auto-exploring this place.
 F = Levels seen in this place.
 G = Mean time per level.
                   A        B        C        D        E       F      G
               +--------+--------+--------+--------+--------+-----+--------+
         Total |   8618 |   8188 |    430 |   2361 |   4215 |   9 |  957.6 |
       Dungeon |   8428 |   7998 |    430 |   2361 |   4084 |   8 | 1053.5 |
        Temple |    189 |    189 |      0 |      0 |    131 |   1 |  189.0 |
               +--------+--------+--------+--------+--------+-----+--------+

Top non-repeatable levels by time:
     D:6: 2236 daAuts
     D:3: 1537 daAuts
     D:4: 1114 daAuts
     D:7: 1088 daAuts
     D:5: 1081 daAuts
     D:2: 738 daAuts
     D:1: 602 daAuts
  Temple: 189 daAuts
     D:8: 28 daAuts
